 Dungeon Crawl Stone Soup version 0.28.0-53-g5a82cb258f (webtiles) character file.

Game seed: 2331677699577317557

342 PhantomBowie the Skirmisher (level 6, -1/40 HPs)
             Began as a Gargoyle Fighter on June 4, 2022.
             Was an Initiate of Okawaru.
             Slain by a lemure (7 damage)
             ... led by Pikel
             ... on level 4 of the Dungeon.
             The game lasted 00:12:10 (4885 turns).

PhantomBowie the Skirmisher (Gargoyle Fighter)      Turns: 4885, Time: 00:12:11

Health: -1/40      AC: 12    Str: 21    XL:     6   Next: 57%
Magic:  6/6        EV:  9    Int:  9    God:    Okawaru [......]
Gold:   101        SH:  4    Dex:  9    Spells: 5/5 levels left

rFire   . . .      SeeInvis .   a - +0 flail
rCold   . . .      Faith    .   c - +0 buckler
rNeg    + . .      Spirit   .   b - +0 scale mail
rPois   ∞          Reflect  .   f - +0 helmet
rElec   +          Harm     .   (no cloak)
rCorr   .          Rampage  .   (no gloves)
Will    +....                   (no boots)
Stlth   ..........              (no amulet)
HPRegen 0.13/turn               j - ring of willpower
MPRegen 0.10/turn               (no ring)

@: mighty
A: sickness immunity, AC +4, negative energy resistance 1, electricity
resistance, torment resistance 1, petrification resistance
a: Renounce Religion


You were on level 4 of the Dungeon.
You worshipped Okawaru.
Okawaru was noncommittal.
You visited 2 branches of the dungeon, and saw 5 of its levels.

You collected 101 gold pieces.

Inventory:

Hand Weapons
 a - a +0 flail (weapon)
Missiles
 m - 8 poisoned darts (quivered)
Armour
 b - a +0 scale mail (worn)
 c - a +0 buckler (worn)
 f - a +0 helmet (worn)
Jewellery
 j - a ring of willpower (left hand)
Scrolls
 e - a scroll of teleportation {unknown}
 g - 2 scrolls of enchant armour {unknown}
 h - a scroll of noise {unknown}
 i - 2 scrolls of enchant weapon {unknown}
 k - a scroll of torment {unknown}
 l - a scroll of blinking {unknown}
 n - a scroll of amnesia {unknown}
 o - 4 scrolls of identify {unknown}
Potions
 p - 3 potions of degeneration {unknown}
 q - 3 potions of cancellation {unknown}
 r - 4 potions of flight {unknown}
 s - a potion of curing {unknown}


   Skills:
 + Level 4.8 Fighting
 + Level 3.7 Maces & Flails
 + Level 4.8 Armour
 + Level 4.7 Shields


You had 5 spell levels left.
You didn't know any spells.
Your spell library contained the following spells:

 Spells                   Type           Power      Damage    Failure   Level
 Storm Form               Tmut/Air       0%         N/A       100%        7
 Maxwell's Capacitive Co  Air            0%         ∞         100%        8
 Summon Lightning Spire   Summ/Air       Unusable   N/A       N/A         4

Dungeon Overview and Level Annotations

Branches:
Dungeon (4/15)             Temple (1/1) D:4

Altars:
Ashenzari
Cheibriados
Dithmenos
Elyvilon
Fedhas
Gozag
Hepliaklqana
Kikubaaqudgha
Makhleb
Nemelex Xobeh
Okawaru
Qazlal
Ru
Sif Muna
Trog
Uskayaw
Vehumet
Wu Jian
Xom
Yredelemnul
Zin
The Shining One

Annotations:
D:4 Pikel


Innate Abilities, Weirdness & Mutations

You are immune to sickness and miasma.
Your stone body is resilient. (AC +4)
You are immune to poison.
You resist negative energy. (rN+)
You are resistant to electric shocks. (rElec)
You are resistant to unholy torment.
You are immune to petrification.


Message History

Pikel is lightly wounded.
You block Pikel's attack.
You hit Pikel.
Pikel is lightly wounded.
Pikel closely misses you. x2
You barely miss Pikel.
Pikel is lightly wounded.
The lemure shouts!
You hear a shout!
An orc wizard comes into view. It is wielding a +0 dagger.
Pikel splashes around in the water.
The orc wizard mumbles some strange words.
The orc wizard flickers and vanishes!
Deactivating autopickup; reactivate with Ctrl-A.
You feel very mighty all of a sudden. The lemure hits you!
You closely miss Pikel.
Pikel is lightly wounded.
The lemure splashes around in the water.
Pikel hits you with a +0 whip of electrocution!
You hit Pikel.
Pikel is lightly wounded.
The lemure hits you. The lemure closely misses you.
Pikel splashes around in the water.
The lemure splashes around in the water.
You hit Pikel.
Pikel is moderately wounded.
The lemure hits you. Pikel hits you but does no damage.
The lemure barely misses you.
You barely miss Pikel.
Pikel is moderately wounded.
The lemure barely misses you.
Pikel splashes around in the water.
The lemure hits you. The lemure hits you!
* * * LOW HITPOINT WARNING * * *
You sock Pikel!
Pikel is heavily wounded.
Pikel hits you but does no damage. The lemure hits you but does no damage.
The lemure hits you.
* * * LOW HITPOINT WARNING * * *
Pikel splashes around in the water.
The lemure hits you!
You die...

#...####....## #..§§§.§..##
##............### ##..§.§...###
.....##....#....####.o........#
# .#..##
###...........###.....####
##..# ##................
..####5 #...###........≈§§.....
....... ..............≈§§o{.#
..#....
.#........##.§§≈K55§#... ##...
##.<...#..##.≈§§@5§≈.... #...
#...###.###.≈§≈≈§§§.##. #...
#.[.# #.# ##.≈≈§≈≈..# #...
##...# #.# #..§§§...# #.?.
#..#####.. ..........# #...
..........###........# #...
..######.# ########## ### #


You could see Pikel, 3 lemures, an orc wizard and an orc.

Vanquished Creatures
  2 hounds
  Jessica (D:3)
  2 orc wizards
  11 adders
  2 adder skeletons (D:4)
  3 worms (D:3)
  4 dart slugs
  9 orcs
  9 ball pythons
  A bat (D:1)
  7 endoplasms
  7 goblins
  5 hobgoblins
  6 jackals
  3 quokkas
  A frilled lizard (D:3)
  7 kobolds
  2 rats
82 creatures vanquished.

Vanquished Creatures (others)
  A lemure (D:4)
1 creature vanquished.

Grand Total: 83 creatures vanquished

Notes
Turn   | Place    | Note
-------+----------+-------------------------------------------
     0 | D:1      | PhantomBowie the Gargoyle Fighter began the quest for the
                  | Orb.
     0 | D:1      | Reached XP level 1. HP: 14/14 MP: 1/1
   368 | D:1      | Reached XP level 2. HP: 19/19 MP: 2/2
  1151 | D:2      | Reached XP level 3. HP: 23/23 MP: 3/3
  1416 | D:2      | Found a faded altar of an unknown god.
  1417 | D:2      | Noticed an eye of devastation
  1423 | D:2      | Noticed an eye of devastation
  1984 | D:2      | Noticed a shining eye
  2203 | D:3      | Reached XP level 4. HP: 29/29 MP: 4/4
  2618 | D:3      | Reached XP level 5. HP: 30/33 MP: 5/5
  2773 | D:3      | Noticed Jessica
  2782 | D:3      | Killed Jessica
  2991 | D:4      | Noticed a lemure
  3108 | D:4      | Noticed a lemure
  3449 | D:4      | Noticed Pikel
  3450 | D:4      | Noticed a lemure
  3522 | D:4      | Killed a lemure
  3543 | D:4      | Found a stormy altar of Qazlal.
  3553 | D:4      | Noticed a lemure
  3836 | D:3      | Reached XP level 6. HP: 30/39 MP: 6/6
  4304 | D:4      | Found a staircase to the Ecumenical Temple.
  4313 | Temple   | Entered the Ecumenical Temple
  4550 | Temple   | Became a worshipper of Warmaster Okawaru
  4885 | D:4      | Slain by a lemure

Illustrated notes

Levels and vault maps discovered:
D:1:      dpeg_arrival_central, layout_loops_corners, minmay_misc_feat_chi
D:2:      layout_loops_ring, hellmonk_ecumenical_altar_watching_god
D:3:      layout_basic, minmay_snake_closets, uniq_jessica
D:4:      layout_rooms, nicolae_qazlal_scattered_showers,
          minmay_temple_entry_mist, uniq_pikel
Temple:   mainiacjoe_temple_starburst

Skill      XL: |  1  2  3  4 |
---------------+-------------+-----
Fighting       | 4 |  4.8
Armour         | 4 |  4.8
Shields        | 4 |  4.7
Maces & Flails | 3 |  3.7

Action                   |  1- 3 |  4- 6 || total
-------------------------+-------+-------++-------
Melee: Flail             |   141 |   244 ||   385
  Use: Potion            |       |     2 ||     2
Armor: Scale mail        |    68 |   161 ||   229
Dodge: Dodged            |    62 |   148 ||   210
Block: Buckler           |    28 |    67 ||    95
